 Dungeon Crawl Stone Soup version 0.26.0-18-gc5c842f807 (webtiles) character file.

Game seed: 16160214205595870228

544 kaeus the Firebug (level 7, -1/36 HPs)
             Began as a Gargoyle Fire Elementalist on Jan 22, 2021.
             Slain by a gnoll
             ... wielding a +0 club
              (5 damage)
             ... on level 4 of the Dungeon.
             The game lasted 00:04:03 (5099 turns).

kaeus the Firebug (Gargoyle Fire Elementalist)      Turns: 5099, Time: 00:04:04

Health: -1/36      AC:  8    Str: 11    XL:     7   Next: 27%
Magic:  7/12       EV: 11    Int: 18    God:
Gold:   154        SH:  0    Dex: 10    Spells: 12/13 levels left

rFire    . . .     SeeInvis .   t - +0 hand axe (distort)
rCold    . . .     Faith    .   (no shield)
rNeg     + . .     Spirit   .   u - +0 leather armour
rPois    ∞         Reflect  .   (no helmet)
rElec    +         Harm     .   (no cloak)
rCorr    .         Rampage  .   (no gloves)
Will     .....                  (no boots)
Stlth    +.........             (no amulet)
HPRegen  0.12/turn              (no ring)
MPRegen  0.13/turn              (no ring)

@: very slow
A: negative energy resistance 1, electricity resistance, unbreathing,
petrification resistance, miasma immunity, AC +4
a: no special abilities


You were on level 4 of the Dungeon.
You visited 1 branch of the dungeon, and saw 4 of its levels.

You collected 154 gold pieces.

Inventory:

Hand Weapons
 g - a +2 short sword of venom
 o - a +0 dagger of protection
 t - a +0 hand axe of distortion (weapon)
Armour
 u - a +0 leather armour (worn)
Scrolls
 e - a scroll of amnesia {unknown}
 f - a scroll of fog {unknown}
 h - a scroll of immolation {unknown}
 j - 2 scrolls of magic mapping
 k - 2 scrolls of identify
 q - 3 scrolls of remove curse
 r - a scroll of teleportation {unknown}
 s - a scroll of random uselessness {unknown}
Potions
 b - a potion of cancellation {unknown}
 c - 2 potions of curing {unknown}
 d - 4 potions of magic
 i - a potion of might {unknown}
 l - 2 potions of flight {unknown}
 m - a potion of heal wounds {unknown}
 n - a potion of brilliance {unknown}
 p - a potion of attraction {unknown}


   Skills:
 + Level 3.4 Armour
 - Level 1.5 Dodging
 - Level 2.1 Stealth
 + Level 3.5 Spellcasting
 + Level 3.6 Conjurations
 * Level 5.6 Fire Magic


You had 12 spell levels left.
You knew the following spells:

 Your Spells              Type           Power        Failure   Level
a - Foxfire               Conj/Fire      76%          3%          1

Your spell library contained the following spells:

 Spells                   Type           Power        Failure   Level
 Conjure Flame            Conj/Fire      19%          9%          3
 Inner Flame              Hex/Fire       13%          19%         3
 Sticky Flame             Conj/Fire      19%          28%         4
 Fireball                 Conj/Fire      9%           63%         5


Dungeon Overview and Level Annotations

Branches:
Dungeon (4/15)
 Temple: D:4-7

Altars:
Cheibriados
Elyvilon
Fedhas
Gozag
Kikubaaqudgha
Wu Jian
Xom
Zin


Innate Abilities, Weirdness & Mutations

You are resistant to torment.
Your stone body is resilient. (AC +4)
You are immune to poison.
You resist negative energy. (rN+)
You are resistant to electric shocks. (rElec)
You can survive without breathing.
You are immune to petrification.
You are immune to miasma.


Message History

You barely miss the gnoll. You hit the plant.
A nearby plant withers and dies.
The gnoll closely misses you. The gnoll misses you.
You hit the gnoll but do no damage.
Space bends around the gnoll.
The gnoll is moderately wounded.
The gnoll closely misses you. The gnoll hits you with a +0 club.
You take 2 damage, and have 13/36 hp.
You barely miss the gnoll.
The gnoll is moderately wounded.
The gnoll hits you with a +0 club.
* * * LOW HITPOINT WARNING * * *
The gnoll hits you but does no damage.
You take 5 damage, and have 8/36 hp.
The gnoll barely misses you. The gnoll hits you with a +0 club.
* * * LOW HITPOINT WARNING * * *
You take 5 damage, and have 4/36 hp.
You enter the shallow water.
Moving in this stuff is going to be slow.
The gnoll hits you with a +0 club.
You die...

#.≈≈≈....# #.#.#.# #.≈≈≈.gP.#
#.#.#.# #.≈≈≈....######.#.#
#+###≈≈g...#......#.#
###########...#≈≈....#.######.#
..........#.gg#≈≈....#.# #.#
≈≈≈≈≈≈≈≈≈≈#####≈≈....#.######.#
≈≈≈≈≈≈≈≈≈≈≈≈≈≈≈≈≈g...#........#
≈≈≈≈≈≈≈≈≈≈≈≈≈≈≈≈@....########.#
..P.............P....# ###
....P................#
######################


You could see a gnoll shaman and 2 gnolls.

Vanquished Creatures
  2 ogres
  An orc priest (D:3)
  An orc wizard (D:2)
  3 worker ants (D:4)
  11 gnolls (D:4)
  4 adders
  An ooze (D:3)
  2 worms
  4 dart slugs
  2 leopard geckos
  5 orcs
  A ball python (D:1)
  6 goblins
  3 hobgoblins
  21 jackals
  6 kobolds
  A quokka (D:3)
  5 bats
  2 frilled lizards (D:1)
  A jackal skeleton (D:3)
  5 rats
87 creatures vanquished.

Vanquished Creatures (others)
  305 foxfires
  2 plants (D:4)
307 creatures vanquished.

Grand Total: 394 creatures vanquished

Notes
Turn   | Place    | Note
-------+----------+-------------------------------------------
     0 | D:1      | kaeus the Gargoyle Fire Elementalist began the quest for
                  | the Orb.
     0 | D:1      | Reached XP level 1. HP: 10/10 MP: 3/3
   266 | D:1      | Reached XP level 2. HP: 10/15 MP: 0/5
   523 | D:1      | Reached skill level 1 in Armour
   796 | D:1      | Reached XP level 3. HP: 19/19 MP: 2/6
  2085 | D:2      | Found a glowing silver altar of Zin.
  2242 | D:3      | Noticed an ogre
  2266 | D:2      | Reached XP level 4. HP: 14/24 MP: 2/7
  2530 | D:3      | Killed an ogre
  2531 | D:3      | Reached skill level 4 in Fire Magic
  2531 | D:3      | Reached XP level 5. HP: 10/28 MP: 6/9
  3276 | D:3      | Found a shimmering altar of Xom.
  3310 | D:3      | Reached XP level 6. HP: 29/32 MP: 7/10
  3521 | D:3      | Found an ornate altar of the Wu Jian Council.
  3525 | D:3      | Found an ancient bone altar of Kikubaaqudgha.
  3525 | D:3      | Found an opulent altar of Gozag.
  3525 | D:3      | Found a snail-covered altar of Cheibriados.
  3576 | D:3      | Found a blossoming altar of Fedhas.
  3886 | D:4      | Reached skill level 5 in Fire Magic
  4151 | D:4      | Found a white marble altar of Elyvilon.
  4437 | D:4      | Reached XP level 7. HP: 36/36 MP: 7/12
  5099 | D:4      | Slain by a gnoll

Illustrated notes

Levels and vault maps discovered:
D:1:      sevenhm_arrival_forest_fort_large_4, layout_rooms, dk_noncrumbling_3
D:2:      layout_basic, zin_academy
D:3:      layout_loops_ring, minitemple, marbit_many_paths
D:4:      lemuel_castle_with_subvaults [lemuel_castle_interior_carwin_1],
          layout_basic, lemuel_doored_altar, temple_green

Skill      XL: |  1  2  3  4  5  6 |
---------------+-------------------+-----
Armour         | 1 2 3 |  3.4
Conjurations   | 2 3 |  3.6
Fire Magic     | 4 5 |  5.6
Spellcasting   | 3 |  3.5
Dodging        | |  1.5
Stealth        | |  2.1

Action                   |  1- 3 |  4- 6 |  7- 9 || total
-------------------------+-------+-------+-------++-------
Melee: Short sword       |    44 |    33 |       ||    77
       Hand axe          |       |    11 |    19 ||    30
 Cast: Foxfire           |    74 |    89 |    58 ||   221
  Use: Scroll            |     2 |     1 |       ||     3
Armor: Robe              |    14 |     8 |       ||    22
       Leather armour    |       |       |     6 ||     6
Dodge: Dodged            |    20 |    28 |    18 ||    66
